Panthers vs Capitals

Created - October 19 2011 at 18:30

Goals
1 2 3 T
Panthers 1 0 1 2
Capitals 1 3 0 4
Shots
1 2 3 T
Panthers 13 6 8 27
Capitals 8 6 15 29

Period #1

1. Capitals , Trent Hunter 1 (Taylor Hall, David Desharnais) at 15:31
2. Panthers , Dave Bolland 4 (Cory Stillman, Ryan Smyth) at 15:49

Penalties :
Mike Green (WSH) for Delaying the game (Minor) at 0:32, Kimmo Timonen (WSH) for Holding (Minor) at 4:37, Ryan OByrne (FLA) for Roughing (Minor) at 6:46, Ryane Clowe (WSH) for High sticking (Minor) at 7:36

Period #2

3. Capitals , Taylor Hall 2 (David Desharnais, Marc Methot) at 4:36
4. Capitals , Alexander Ovechkin 6 (Douglas Murray, Taylor Hall) at 7:00
5. Capitals , Taylor Hall 3 (Alexander Semin, Ryan McDonagh) at 9:50

Penalties :
Douglas Murray (WSH) for Hooking (Minor) at 2:29, Marc Methot (WSH) for Tripping (Minor) at 5:41, Jason Garrison (FLA) for Tripping (Minor) at 6:33, Taylor Hall (WSH) for Tripping (Minor) at 18:31

Period #3

6. Panthers , Jason Garrison 3 (Andy Greene, Corey Crawford) at 7:22 (PP)

Penalties :
Ryane Clowe (WSH) for Tripping (Minor) at 1:47, Mike Green (WSH) for Roughing (Minor) at 7:10, Ryan McDonagh (WSH) for Hooking (Minor) at 15:33, Ryan Smyth (FLA) for Hooking (Minor) at 18:58

Goalie Stats

Corey Crawford (FLA), 25 saves from 29 shots - (0.862), L, 0-5-1, 60:00 minutes
Jimmy Howard (WSH), 25 saves from 27 shots - (0.926), W, 5-1-0, 60:00 minutes

Players Stats

Panthers
Player Name              G  A  P  +/- PIM S  H  SB FO    MP 
------------------------------------------------------------
Andrew Brunette          0  0  0   0  0   1  0  0  0/0   5  
Andrew MacDonald         0  0  0   0  0   3  1  0  0/0   20 
Andy Greene              0  1  1  -2  0   4  0  0  0/0   21 
Anton Volchenkov         0  0  0  -1  0   0  0  1  0/0   14 
Brian Rafalski           0  0  0  -1  0   0  2  2  0/0   22 
Chris Drury              0  0  0  -1  0   1  3  1  11/20 18 
Cory Stillman            0  1  1   0  0   0  2  0  0/1   18 
Dave Bolland             1  0  1   0  0   3  2  0  12/20 19 
Dustin Penner            0  0  0  -1  0   1  2  0  0/0   21 
Jason Garrison           1  0  1  -1  2   4  1  1  0/0   21 
Kyle Quincey             0  0  0   0  0   0  0  2  0/0   7  
Matt Cullen              0  0  0  -1  0   0  0  0  4/4   13 
Mike Santorelli          0  0  0  -2  0   4  1  1  13/28 22 
Nick Palmieri            0  0  0  -1  0   0  1  0  2/2   12 
Ryan OByrne              0  0  0  -1  2   0  4  1  0/0   14 
Ryan Smyth               0  1  1   0  2   5  2  0  1/4   21 
Sam Gagner               0  0  0  -2  0   1  1  0  2/3   20 
Sergei Shirokov          0  0  0   0  0   0  2  0  0/0   5  
Capitals
Player Name              G  A  P  +/- PIM S  H  SB FO    MP 
------------------------------------------------------------
Alexander Ovechkin       1  0  1   1  0   4  1  1  1/3   23 
Alexander Semin          0  1  1   0  0   4  0  0  1/3   19 
Alexei Kovalev           0  0  0   0  0   0  0  0  0/0   9  
David Desharnais         0  2  2   2  0   2  0  0  13/24 20 
Douglas Murray           0  1  1   0  2   0  2  0  0/0   20 
Jeff Halpern             0  0  0  -1  0   5  1  0  11/25 18 
Kimmo Timonen            0  0  0   0  2   1  2  2  0/0   21 
Marc Methot              0  1  1   3  2   0  2  1  0/0   18 
Mathieu Perreault        0  0  0   0  0   0  0  0  0/0   1  
Matt Stajan              0  0  0   1  0   1  0  1  10/23 17 
Mike Green               0  0  0   0  4   1  0  0  0/0   17 
Ryan McDonagh            0  1  1   3  2   1  0  0  0/0   13 
Ryane Clowe              0  0  0   0  4   0  0  0  0/0   16 
Steve Eminger            0  0  0   0  0   0  1  0  0/0   7  
Taylor Hall              2  2  4   4  2   3  0  0  0/1   16 
Tomas Fleischmann        0  0  0  -1  0   3  0  0  1/2   14 
Trent Hunter             1  0  1   3  0   3  1  0  0/1   13 
Willie Mitchell          0  0  0  -1  0   1  0  1  0/0   21 

3 Stars

1 - Taylor Hall (WSH)
2 - Trent Hunter (WSH)
3 - David Desharnais (WSH)

Power Play

Panthers - 1 on 9 Attempt(s) - 11.11%
Capitals - 0 on 3 Attempt(s) - 0.00%

Penalty Kill

Panthers - 3 on 3 Attempt(s) - 100.00% - Score 0 goal in Penalty Kill
Capitals - 8 on 9 Attempt(s) - 88.89% - Score 0 goal in Penalty Kill

Game Notes

No Game Note

Finance

Level 1 -- Attendance: 4845 (74.54%) -- Ticket Income $484,500.00
Level 2 -- Attendance: 3817 (76.34%) -- Ticket Income $229,020.00
Level 3 -- Attendance: 2686 (76.74%) -- Ticket Income $94,010.00
Level 4 -- Attendance: 2672 (100.00%) -- Ticket Income $53,440.00
Luxury Box -- Attendance: 702 (70.20%) -- Ticket Income $140,400.00
Game was played at the Verizon Center
Total Attendance: 14722 (78.85%)
Total Ticket Income: $1,085,536.00
Other Income: $218,487.90
Total Income: $1,304,024.00


Play by Play

Period #1

0:01 of 1st period - Dave Bolland wins face-off versus Matt Stajan in neutral zone.
0:25 of 1st period - Dave Bolland is hit by Kimmo Timonen.
0:32 of 1st period - Minor Penalty to Mike Green for Delaying the game.
0:33 of 1st period - David Desharnais wins face-off versus Mike Santorelli in Capitals zone.
0:56 of 1st period - Shot by Andy Greene.
0:56 of 1st period - Stopped by Jimmy Howard with a rebound.
0:58 of 1st period - Shot by Andy Greene.
0:58 of 1st period - Stopped by Jimmy Howard without a rebound.
0:59 of 1st period - Dave Bolland wins face-off versus Jeff Halpern in Capitals zone.
1:04 of 1st period - Shot by Dustin Penner.
1:04 of 1st period - Stopped by Jimmy Howard with a rebound.
1:06 of 1st period - Shot by Dave Bolland.
1:06 of 1st period - Stopped by Jimmy Howard with a rebound.
1:08 of 1st period - Shot by Andrew MacDonald.
1:08 of 1st period - Stopped by Jimmy Howard with a rebound.
1:26 of 1st period - Shot by Andrew MacDonald.
1:26 of 1st period - Deflect By Ryan Smyth.
1:26 of 1st period - Stopped by Jimmy Howard without a rebound.
1:27 of 1st period - Jeff Halpern wins face-off versus Mike Santorelli in Capitals zone.
1:27 of 1st period - Jeff Halpern is hit by Sam Gagner.
2:29 of 1st period - Shot by Andrew MacDonald.
2:29 of 1st period - Stopped by Jimmy Howard without a rebound.
2:30 of 1st period - Dave Bolland wins face-off versus Jeff Halpern in Capitals zone.
2:43 of 1st period - Icing by Marc Methot.
2:44 of 1st period - David Desharnais wins face-off versus Chris Drury in Capitals zone.
2:46 of 1st period - Icing by Taylor Hall.
2:47 of 1st period - Chris Drury wins face-off versus David Desharnais in Capitals zone.
2:56 of 1st period - Shot by Taylor Hall.
2:56 of 1st period - Shot Blocked by Anton Volchenkov.
3:01 of 1st period - Shot by Marc Methot.
3:01 of 1st period - Shot Blocked by Ryan OByrne.
3:04 of 1st period - Trent Hunter is hit by Ryan OByrne and loses puck.
3:15 of 1st period - David Desharnais is hit by Ryan OByrne and loses puck.
3:43 of 1st period - Jeff Halpern is hit by Jason Garrison and loses puck.
4:02 of 1st period - Shot by Mike Santorelli.
4:02 of 1st period - Shot Misses the Net.
4:04 of 1st period - Shot by Dustin Penner.
4:04 of 1st period - Deflect By Mike Santorelli.
4:04 of 1st period - Shot Blocked by Willie Mitchell.
4:08 of 1st period - Shot by Sam Gagner.
4:08 of 1st period - Stopped by Jimmy Howard without a rebound.
4:09 of 1st period - Matt Stajan wins face-off versus Dave Bolland in Capitals zone.
4:09 of 1st period - Matt Stajan is hit by Dave Bolland.
4:21 of 1st period - Shot by Dave Bolland.
4:21 of 1st period - Shot Misses the Net.
4:37 of 1st period - Minor Penalty to Kimmo Timonen for Holding.
4:38 of 1st period - Mike Santorelli wins face-off versus Alexander Ovechkin in Capitals zone.
4:49 of 1st period - Shot by Mike Santorelli.
4:49 of 1st period - Stopped by Jimmy Howard without a rebound.
4:50 of 1st period - David Desharnais wins face-off versus Dave Bolland in Capitals zone.
4:50 of 1st period - David Desharnais is hit by Ryan Smyth.
5:39 of 1st period - Icing by Sam Gagner.
5:40 of 1st period - David Desharnais wins face-off versus Sam Gagner in Panthers zone.
6:37 of 1st period - Off-side.
6:38 of 1st period - Matt Stajan wins face-off versus Chris Drury in neutral zone.
6:46 of 1st period - Minor Penalty to Ryan OByrne for Roughing.
6:47 of 1st period - David Desharnais wins face-off versus Chris Drury in Panthers zone.
7:36 of 1st period - Minor Penalty to Ryane Clowe for High sticking.
7:37 of 1st period - Matt Stajan wins face-off versus Mike Santorelli in Capitals zone.
7:52 of 1st period - Shot by Taylor Hall.
7:52 of 1st period - Deflect By Matt Stajan.
7:52 of 1st period - Shot Misses the Net.
9:18 of 1st period - Shot by Sam Gagner.
9:18 of 1st period - Shot Blocked by Kimmo Timonen.
9:20 of 1st period - Shot by Anton Volchenkov.
9:20 of 1st period - Shot Misses the Net.
9:22 of 1st period - Shot by Cory Stillman.
9:22 of 1st period - Shot Misses the Net.
9:44 of 1st period - Alexander Semin is hit by Chris Drury and loses puck.
10:03 of 1st period - Alexander Semin is hit by Ryan OByrne and loses puck.
10:06 of 1st period - Shot by Marc Methot.
10:06 of 1st period - Shot Misses the Net.
10:32 of 1st period - Shot by Jeff Halpern.
10:32 of 1st period - Stopped by Corey Crawford without a rebound.
10:33 of 1st period - Mike Santorelli wins face-off versus Tomas Fleischmann in Panthers zone.
10:46 of 1st period - Shot by Mike Santorelli.
10:46 of 1st period - Stopped by Jimmy Howard with a rebound.
10:50 of 1st period - Shot by Jason Garrison.
10:50 of 1st period - Stopped by Jimmy Howard without a rebound.
10:51 of 1st period - Matt Stajan wins face-off versus Dave Bolland in Capitals zone.
11:19 of 1st period - Icing by Kimmo Timonen.
11:20 of 1st period - Matt Cullen wins face-off versus Matt Stajan in Capitals zone.
11:38 of 1st period - Icing by Jason Garrison.
11:39 of 1st period - Chris Drury wins face-off versus David Desharnais in Panthers zone.
12:38 of 1st period - Shot by Alexander Semin.
12:38 of 1st period - Deflect By Jeff Halpern.
12:38 of 1st period - Stopped by Corey Crawford with a rebound.
12:42 of 1st period - Shot by Jeff Halpern.
12:42 of 1st period - Stopped by Corey Crawford without a rebound.
12:43 of 1st period - Mike Santorelli wins face-off versus Jeff Halpern in Panthers zone.
12:52 of 1st period - Shot by Alexander Semin.
12:52 of 1st period - Shot Blocked by Mike Santorelli.
12:56 of 1st period - Shot by Jeff Halpern.
12:56 of 1st period - Deflect By Alexander Semin.
12:56 of 1st period - Stopped by Corey Crawford without a rebound.
12:57 of 1st period - Matt Stajan wins face-off versus Chris Drury in Panthers zone.
14:00 of 1st period - Shot by Tomas Fleischmann.
14:00 of 1st period - Shot Blocked by Kyle Quincey.
14:04 of 1st period - Shot by Alexander Semin.
14:04 of 1st period - Shot Misses the Net.
14:06 of 1st period - Shot by Douglas Murray.
14:06 of 1st period - Shot Blocked by Brian Rafalski.
14:10 of 1st period - Shot by Alexander Semin.
14:10 of 1st period - Shot Misses the Net.
14:41 of 1st period - Shot by David Desharnais.
14:41 of 1st period - Stopped by Corey Crawford without a rebound.
14:42 of 1st period - Mike Santorelli wins face-off versus Matt Stajan in Panthers zone.
14:46 of 1st period - Andy Greene is hit by Kimmo Timonen and loses puck.
14:55 of 1st period - Shot by Alexander Ovechkin.
14:55 of 1st period - Shot Misses the Net.
15:27 of 1st period - Shot by Trent Hunter.
15:27 of 1st period - Shot Misses the Net.
15:31 of 1st period - Shot by Trent Hunter.
15:31 of 1st period - Goal by Trent Hunter - Panthers : 0 - Capitals : 1.
15:32 of 1st period - Dave Bolland wins face-off versus Jeff Halpern in neutral zone.
15:49 of 1st period - Shot by Dave Bolland.
15:49 of 1st period - Goal by Dave Bolland - Panthers : 1 - Capitals : 1.
15:50 of 1st period - Matt Cullen wins face-off versus Taylor Hall in neutral zone.
15:52 of 1st period - Ryan Smyth is hit by Marc Methot.
16:49 of 1st period - Icing by Ryan OByrne.
16:50 of 1st period - Matt Stajan wins face-off versus Ryan Smyth in Panthers zone.
16:51 of 1st period - Shot by Alexander Ovechkin.
16:51 of 1st period - Stopped by Corey Crawford without a rebound.
16:52 of 1st period - Mike Santorelli wins face-off versus Matt Stajan in Panthers zone.
17:58 of 1st period - Icing by Douglas Murray.
17:59 of 1st period - Dave Bolland wins face-off versus Jeff Halpern in Capitals zone.
18:17 of 1st period - Shot by Ryan Smyth.
18:17 of 1st period - Stopped by Jimmy Howard without a rebound.
18:18 of 1st period - David Desharnais wins face-off versus Chris Drury in Capitals zone.
18:32 of 1st period - Ryan McDonagh is hit by Sergei Shirokov.
18:33 of 1st period - Off-side.
18:34 of 1st period - Chris Drury wins face-off versus Matt Stajan in neutral zone.
19:33 of 1st period - Shot by David Desharnais.
19:33 of 1st period - Stopped by Corey Crawford without a rebound.
19:34 of 1st period - Mike Santorelli wins face-off versus Jeff Halpern in Panthers zone.
19:52 of 1st period - Icing by Jason Garrison.
19:53 of 1st period - David Desharnais wins face-off versus Mike Santorelli in Panthers zone.

Period #2

0:01 of 2nd period - Matt Stajan wins face-off versus Dave Bolland in neutral zone.
0:01 of 2nd period - Matt Stajan is hit by Cory Stillman.
0:04 of 2nd period - Kimmo Timonen is hit by Andrew MacDonald and loses puck.
0:39 of 2nd period - Off-side.
0:40 of 2nd period - Jeff Halpern wins face-off versus Mike Santorelli in neutral zone.
0:58 of 2nd period - Off-side.
0:59 of 2nd period - Nick Palmieri wins face-off versus David Desharnais in neutral zone.
1:16 of 2nd period - Off-side.
1:17 of 2nd period - Jeff Halpern wins face-off versus Mike Santorelli in neutral zone.
1:37 of 2nd period - Shot by Alexander Semin.
1:37 of 2nd period - Stopped by Corey Crawford without a rebound.
1:38 of 2nd period - Ryan Smyth wins face-off versus Matt Stajan in Panthers zone.
2:07 of 2nd period - Shot by Alexander Ovechkin.
2:07 of 2nd period - Shot Blocked by Brian Rafalski.
2:11 of 2nd period - Shot by Matt Stajan.
2:11 of 2nd period - Stopped by Corey Crawford without a rebound.
2:12 of 2nd period - David Desharnais wins face-off versus Mike Santorelli in Panthers zone.
2:18 of 2nd period - Icing by Mike Santorelli.
2:19 of 2nd period - Sam Gagner wins face-off versus Jeff Halpern in Panthers zone.
2:25 of 2nd period - Andy Greene is hit by Douglas Murray and loses puck.
2:29 of 2nd period - Minor Penalty to Douglas Murray for Hooking.
2:30 of 2nd period - David Desharnais wins face-off versus Mike Santorelli in Capitals zone.
2:30 of 2nd period - David Desharnais is hit by Cory Stillman.
3:33 of 2nd period - Shot by Brian Rafalski.
3:33 of 2nd period - Shot Blocked by Kimmo Timonen.
3:37 of 2nd period - Shot by Ryan Smyth.
3:37 of 2nd period - Stopped by Jimmy Howard without a rebound.
3:38 of 2nd period - David Desharnais wins face-off versus Dave Bolland in Capitals zone.
3:38 of 2nd period - David Desharnais is hit by Dustin Penner.
4:36 of 2nd period - Shot by David Desharnais.
4:36 of 2nd period - Deflect By Taylor Hall.
4:36 of 2nd period - Goal by Taylor Hall - Panthers : 1 - Capitals : 2.
4:37 of 2nd period - Jeff Halpern wins face-off versus Chris Drury in neutral zone.
4:56 of 2nd period - Chris Drury is hit by Jeff Halpern and loses puck.
5:33 of 2nd period - Ryan McDonagh is hit by Dustin Penner and loses puck.
5:41 of 2nd period - Minor Penalty to Marc Methot for Tripping.
5:42 of 2nd period - Dave Bolland wins face-off versus Alexander Semin in Capitals zone.
5:58 of 2nd period - Shot by Brian Rafalski.
5:58 of 2nd period - Shot Misses the Net.
6:00 of 2nd period - Shot by Ryan Smyth.
6:00 of 2nd period - Shot Misses the Net.
6:02 of 2nd period - Shot by Andrew MacDonald.
6:02 of 2nd period - Stopped by Jimmy Howard with a rebound.
6:06 of 2nd period - Shot by Brian Rafalski.
6:06 of 2nd period - Shot Misses the Net.
6:33 of 2nd period - Minor Penalty to Jason Garrison for Tripping.
6:34 of 2nd period - Mike Santorelli wins face-off versus Matt Stajan in Panthers zone.
6:50 of 2nd period - Shot by Taylor Hall.
6:50 of 2nd period - Shot Misses the Net.
7:00 of 2nd period - Shot by Alexander Ovechkin.
7:00 of 2nd period - Goal by Alexander Ovechkin - Panthers : 1 - Capitals : 3.
7:01 of 2nd period - Mike Santorelli wins face-off versus David Desharnais in neutral zone.
8:48 of 2nd period - Shot by Dustin Penner.
8:48 of 2nd period - Deflect By Sam Gagner.
8:48 of 2nd period - Shot Misses the Net.
8:52 of 2nd period - Shot by Jason Garrison.
8:52 of 2nd period - Shot Misses the Net.
8:54 of 2nd period - Shot by Mike Santorelli.
8:54 of 2nd period - Stopped by Jimmy Howard without a rebound.
8:55 of 2nd period - Matt Stajan wins face-off versus Dave Bolland in Capitals zone.
9:38 of 2nd period - Shot by Taylor Hall.
9:38 of 2nd period - Stopped by Corey Crawford with a rebound.
9:40 of 2nd period - Shot by Ryan McDonagh.
9:40 of 2nd period - Shot Misses the Net.
9:44 of 2nd period - Shot by Alexander Semin.
9:44 of 2nd period - Shot Misses the Net.
9:48 of 2nd period - Shot by Alexander Semin.
9:48 of 2nd period - Shot Misses the Net.
9:50 of 2nd period - Shot by Taylor Hall.
9:50 of 2nd period - Goal by Taylor Hall - Panthers : 1 - Capitals : 4.
9:51 of 2nd period - Chris Drury wins face-off versus Jeff Halpern in neutral zone.
9:57 of 2nd period - Alexander Semin is hit by Chris Drury and loses puck.
10:09 of 2nd period - Icing by Anton Volchenkov.
10:10 of 2nd period - Matt Cullen wins face-off versus David Desharnais in Panthers zone.
10:39 of 2nd period - Icing by Ryan McDonagh.
10:40 of 2nd period - Mike Santorelli wins face-off versus David Desharnais in Capitals zone.
11:12 of 2nd period - Ryan McDonagh is hit by Mike Santorelli and loses puck.
11:49 of 2nd period - Shot by Andrew Brunette.
11:49 of 2nd period - Stopped by Jimmy Howard with a rebound.
11:53 of 2nd period - Shot by Sergei Shirokov.
11:53 of 2nd period - Shot Misses the Net.
11:57 of 2nd period - Shot by Sergei Shirokov.
11:57 of 2nd period - Shot Blocked by Marc Methot.
12:32 of 2nd period - Icing by Ryan McDonagh.
12:33 of 2nd period - David Desharnais wins face-off versus Mike Santorelli in Capitals zone.
14:12 of 2nd period - Shot by Ryan Smyth.
14:12 of 2nd period - Deflect By Cory Stillman.
14:12 of 2nd period - Shot Misses the Net.
14:14 of 2nd period - Shot by Andrew MacDonald.
14:14 of 2nd period - Deflect By Ryan Smyth.
14:14 of 2nd period - Stopped by Jimmy Howard with a rebound.
14:18 of 2nd period - Shot by Ryan Smyth.
14:18 of 2nd period - Shot Misses the Net.
14:20 of 2nd period - Shot by Andrew MacDonald.
14:20 of 2nd period - Shot Hit the Post.
15:03 of 2nd period - Off-side.
15:04 of 2nd period - Chris Drury wins face-off versus Matt Stajan in neutral zone.
15:07 of 2nd period - Shot by Matt Cullen.
15:07 of 2nd period - Deflect By Nick Palmieri.
15:07 of 2nd period - Shot Misses the Net.
15:58 of 2nd period - Shot by Sam Gagner.
15:58 of 2nd period - Shot Misses the Net.
16:18 of 2nd period - Dustin Penner is hit by Douglas Murray and loses puck.
18:02 of 2nd period - Icing by Tomas Fleischmann.
18:03 of 2nd period - Nick Palmieri wins face-off versus Jeff Halpern in Capitals zone.
18:31 of 2nd period - Minor Penalty to Taylor Hall for Tripping.
18:32 of 2nd period - Mike Santorelli wins face-off versus David Desharnais in Capitals zone.
18:39 of 2nd period - Shot by Dustin Penner.
18:39 of 2nd period - Shot Misses the Net.
18:49 of 2nd period - Shot by Andy Greene.
18:49 of 2nd period - Stopped by Jimmy Howard with a rebound.
19:38 of 2nd period - Icing by Dave Bolland.
19:39 of 2nd period - Dave Bolland wins face-off versus David Desharnais in Panthers zone.

Period #3

0:01 of 3rd period - Jeff Halpern wins face-off versus Dave Bolland in neutral zone.
0:06 of 3rd period - Shot by Alexander Ovechkin.
0:06 of 3rd period - Shot Misses the Net.
0:10 of 3rd period - Shot by Alexander Ovechkin.
0:10 of 3rd period - Stopped by Corey Crawford with a rebound.
0:38 of 3rd period - Shot by Kimmo Timonen.
0:38 of 3rd period - Stopped by Corey Crawford without a rebound.
0:39 of 3rd period - Chris Drury wins face-off versus David Desharnais in Panthers zone.
0:47 of 3rd period - Icing by Ryan OByrne.
0:48 of 3rd period - Jeff Halpern wins face-off versus Chris Drury in Panthers zone.
0:53 of 3rd period - Shot by Alexander Semin.
0:53 of 3rd period - Shot Blocked by Chris Drury.
0:55 of 3rd period - Shot by Willie Mitchell.
0:55 of 3rd period - Stopped by Corey Crawford without a rebound.
0:56 of 3rd period - Matt Stajan wins face-off versus Mike Santorelli in Panthers zone.
1:13 of 3rd period - Shot by Alexander Ovechkin.
1:13 of 3rd period - Stopped by Corey Crawford without a rebound.
1:14 of 3rd period - Dave Bolland wins face-off versus Jeff Halpern in Panthers zone.
1:44 of 3rd period - Icing by Dave Bolland.
1:45 of 3rd period - Alexander Ovechkin wins face-off versus Cory Stillman in Panthers zone.
1:47 of 3rd period - Minor Penalty to Ryane Clowe for Tripping.
1:48 of 3rd period - Mike Santorelli wins face-off versus Jeff Halpern in Capitals zone.
2:13 of 3rd period - Shot by Jason Garrison.
2:13 of 3rd period - Stopped by Jimmy Howard without a rebound.
2:14 of 3rd period - David Desharnais wins face-off versus Ryan Smyth in Capitals zone.
2:23 of 3rd period - Alexander Semin is hit by Dave Bolland and loses puck.
2:40 of 3rd period - David Desharnais is hit by Ryan Smyth and loses puck.
3:47 of 3rd period - Shot by Dave Bolland.
3:47 of 3rd period - Stopped by Jimmy Howard without a rebound.
3:48 of 3rd period - Matt Cullen wins face-off versus Alexander Ovechkin in Capitals zone.
3:52 of 3rd period - Matt Cullen is hit by Steve Eminger and loses puck.
4:03 of 3rd period - Shot by Matt Cullen.
4:03 of 3rd period - Shot Blocked by Matt Stajan.
4:22 of 3rd period - Shot by Nick Palmieri.
4:22 of 3rd period - Shot Misses the Net.
4:24 of 3rd period - Shot by Matt Cullen.
4:24 of 3rd period - Shot Hit the Post.
4:26 of 3rd period - Shot by Chris Drury.
4:26 of 3rd period - Shot Misses the Net.
4:28 of 3rd period - Shot by Nick Palmieri.
4:28 of 3rd period - Deflect By Chris Drury.
4:28 of 3rd period - Stopped by Jimmy Howard without a rebound.
4:29 of 3rd period - Mike Santorelli wins face-off versus Trent Hunter in Capitals zone.
4:32 of 3rd period - Shot by Jason Garrison.
4:32 of 3rd period - Stopped by Jimmy Howard without a rebound.
4:33 of 3rd period - David Desharnais wins face-off versus Mike Santorelli in Capitals zone.
5:15 of 3rd period - Icing by Dustin Penner.
5:16 of 3rd period - Jeff Halpern wins face-off versus Mike Santorelli in Panthers zone.
5:31 of 3rd period - Shot by Alexander Semin.
5:31 of 3rd period - Shot Misses the Net.
5:33 of 3rd period - Shot by Tomas Fleischmann.
5:33 of 3rd period - Stopped by Corey Crawford with a rebound.
5:35 of 3rd period - Shot by Tomas Fleischmann.
5:35 of 3rd period - Stopped by Corey Crawford without a rebound.
5:36 of 3rd period - Chris Drury wins face-off versus Matt Stajan in Panthers zone.
5:54 of 3rd period - Shot by Ryane Clowe.
5:54 of 3rd period - Deflect By Alexander Ovechkin.
5:54 of 3rd period - Shot Misses the Net.
5:56 of 3rd period - Shot by Mike Green.
5:56 of 3rd period - Stopped by Corey Crawford without a rebound.
5:57 of 3rd period - Jeff Halpern wins face-off versus Dave Bolland in Panthers zone.
6:03 of 3rd period - Tomas Fleischmann is hit by Brian Rafalski and loses puck.
6:16 of 3rd period - Shot by Alexander Semin.
6:16 of 3rd period - Deflect By Tomas Fleischmann.
6:16 of 3rd period - Stopped by Corey Crawford without a rebound.
6:17 of 3rd period - Chris Drury wins face-off versus Matt Stajan in Panthers zone.
6:21 of 3rd period - Icing by Andrew Brunette.
6:22 of 3rd period - Chris Drury wins face-off versus David Desharnais in Panthers zone.
6:22 of 3rd period - Chris Drury is hit by Trent Hunter.
7:10 of 3rd period - Minor Penalty to Mike Green for Roughing.
7:11 of 3rd period - Jeff Halpern wins face-off versus Mike Santorelli in Capitals zone.
7:22 of 3rd period - Shot by Jason Garrison.
7:22 of 3rd period - Goal by Jason Garrison - Panthers : 2 - Capitals : 4.
7:23 of 3rd period - Jeff Halpern wins face-off versus Mike Santorelli in neutral zone.
7:29 of 3rd period - Icing by Jason Garrison.
7:30 of 3rd period - Matt Stajan wins face-off versus Mike Santorelli in Panthers zone.
7:35 of 3rd period - Shot by Ryane Clowe.
7:35 of 3rd period - Shot Blocked by Jason Garrison.
7:38 of 3rd period - Icing by Jason Garrison.
7:39 of 3rd period - Sam Gagner wins face-off versus Jeff Halpern in Panthers zone.
8:21 of 3rd period - Icing by Alexander Semin.
8:22 of 3rd period - Dave Bolland wins face-off versus Alexander Semin in Capitals zone.
8:30 of 3rd period - Icing by Douglas Murray.
8:31 of 3rd period - Alexander Semin wins face-off versus Chris Drury in Capitals zone.
9:52 of 3rd period - Shot by Taylor Hall.
9:52 of 3rd period - Shot Misses the Net.
9:56 of 3rd period - Shot by Trent Hunter.
9:56 of 3rd period - Stopped by Corey Crawford with a rebound.
9:58 of 3rd period - Shot by Trent Hunter.
9:58 of 3rd period - Stopped by Corey Crawford with a rebound.
10:04 of 3rd period - Shot by Taylor Hall.
10:04 of 3rd period - Shot Misses the Net.
10:06 of 3rd period - Shot by Taylor Hall.
10:06 of 3rd period - Shot Misses the Net.
10:13 of 3rd period - Taylor Hall is hit by Brian Rafalski and loses puck.
11:16 of 3rd period - Shot by Andy Greene.
11:16 of 3rd period - Stopped by Jimmy Howard without a rebound.
11:17 of 3rd period - Jeff Halpern wins face-off versus Chris Drury in Capitals zone.
11:17 of 3rd period - Jeff Halpern is hit by Chris Drury.
11:22 of 3rd period - Tomas Fleischmann is hit by Ryan OByrne.
11:32 of 3rd period - Shot by Alexander Semin.
11:32 of 3rd period - Stopped by Corey Crawford without a rebound.
11:33 of 3rd period - Chris Drury wins face-off versus David Desharnais in Panthers zone.
11:39 of 3rd period - Shot by Taylor Hall.
11:39 of 3rd period - Shot Misses the Net.
11:41 of 3rd period - Shot by Ryan McDonagh.
11:41 of 3rd period - Stopped by Corey Crawford with a rebound.
11:43 of 3rd period - Shot by Trent Hunter.
11:43 of 3rd period - Shot Blocked by Kyle Quincey.
11:55 of 3rd period - Shot by Sergei Shirokov.
11:55 of 3rd period - Shot Misses the Net.
12:00 of 3rd period - Taylor Hall is hit by Sergei Shirokov and loses puck.
12:34 of 3rd period - Shot by Jeff Halpern.
12:34 of 3rd period - Stopped by Corey Crawford with a rebound.
12:36 of 3rd period - Shot by Tomas Fleischmann.
12:36 of 3rd period - Shot Misses the Net.
12:38 of 3rd period - Shot by Jeff Halpern.
12:38 of 3rd period - Stopped by Corey Crawford with a rebound.
12:42 of 3rd period - Shot by Alexander Semin.
12:42 of 3rd period - Stopped by Corey Crawford without a rebound.
12:43 of 3rd period - Mike Santorelli wins face-off versus Matt Stajan in Panthers zone.
12:43 of 3rd period - Mike Santorelli is hit by Alexander Ovechkin.
13:49 of 3rd period - Shot by Alexander Semin.
13:49 of 3rd period - Shot Misses the Net.
14:09 of 3rd period - Icing by Alexander Semin.
14:10 of 3rd period - Tomas Fleischmann wins face-off versus Ryan Smyth in Capitals zone.
14:49 of 3rd period - Shot by David Desharnais.
14:49 of 3rd period - Shot Misses the Net.
15:33 of 3rd period - Minor Penalty to Ryan McDonagh for Hooking.
15:34 of 3rd period - Dave Bolland wins face-off versus Jeff Halpern in Capitals zone.
17:08 of 3rd period - David Desharnais is hit by Nick Palmieri and loses puck.
17:31 of 3rd period - Shot by Mike Santorelli.
17:31 of 3rd period - Shot Blocked by Alexander Ovechkin.
18:11 of 3rd period - Icing by Kyle Quincey.
18:12 of 3rd period - Chris Drury wins face-off versus Matt Stajan in Panthers zone.
18:45 of 3rd period - Shot by Mike Santorelli.
18:45 of 3rd period - Stopped by Jimmy Howard with a rebound.
18:47 of 3rd period - Shot by Ryan Smyth.
18:47 of 3rd period - Stopped by Jimmy Howard without a rebound.
18:48 of 3rd period - Dave Bolland wins face-off versus Jeff Halpern in Capitals zone.
18:54 of 3rd period - Cory Stillman is hit by Marc Methot and loses puck.
18:58 of 3rd period - Minor Penalty to Ryan Smyth for Hooking.
18:59 of 3rd period - Dave Bolland wins face-off versus Matt Stajan in Panthers zone.


Output by the SimonT Hockey Simulator (STHS) for Stephane Roy -- Original Page W3C XHTML 1.0 Valid